 Dungeon Crawl Stone Soup version 0.25-a0-1113-g0499d652a8 (webtiles) character file.

Game seed: 6874228929902543050, levelgen mode: deterministic

56 Esekla the Magician (level 3, 0/23 HPs)
             Began as an Octopode Wizard on May 16, 2020.
             Killed from afar by an orc wizard (6 damage)
             ... with a puff of frost
             ... on level 4 of the Dungeon.
             The game lasted 00:12:27 (2053 turns).

Esekla the Magician (Octopode Wizard)               Turns: 2053, Time: 00:12:28

Health: 0/23       AC:  1    Str:  7    XL:     3   Next: 95%
Magic:  8/8        EV: 12    Int: 20    God:
Gold:   79         SH:  3    Dex: 10    Spells: 0/9 levels left

rFire    . . .     SeeInvis .   f - +1 hand axe (elec)
rCold    . . .     Gourm    .   l - +0 buckler
rNeg     . . .     Faith    .   a - +0 hat
rPois    +         Spirit   .   (no amulet)
rElec    .         Reflect  .   b - ring of poison resistance
rCorr    .         Harm     .   j - ring of flight
MR       .....                  (no ring)
Stlth    +++.......             (no ring)
HPRegen  0.07/turn              (no ring)
MPRegen  0.11/turn              (no ring)
                                (no ring)
                                (no ring)

@: no status effects
A: almost no armour, stealthy swim, amphibious, 8 rings, constrict 8, camouflage
1, gelatinous body 1
a: Evoke Flight


You were on level 4 of the Dungeon.
You were very hungry.

You visited 1 branch of the dungeon, and saw 4 of its levels.

You collected 79 gold pieces.

Inventory:

Hand Weapons
 d - a +0 short sword
 f - a +1 hand axe of electrocution (weapon)
Missiles
 g - 25 poisoned darts (quivered)
Armour
 a - a +0 hat (worn)
 l - a +0 buckler (worn)
Jewellery
 b - a ring of poison resistance (left tentacle)
 j - a ring of flight (right tentacle)
Scrolls
 e - 2 scrolls of remove curse {unknown}
 h - 2 scrolls of fear {unknown}
 i - a scroll of magic mapping {unknown}
 k - 6 scrolls of identify {unknown}
Potions
 m - a potion of berserk rage {unknown}
 n - a potion of curing {unknown}
Comestibles
 c - 4 rations


   Skills:
 * Level 1.0 Fighting
 * Level 1.0 Axes
 + Level 2.2 Dodging
 - Level 2.6 Stealth
 * Level 0.5 Shields
 * Level 3.7 Spellcasting
 + Level 1.3 Conjurations
   Level 1.0 Summonings
 * Level 1.1 Translocations


You couldn't memorise any spells.
You knew the following spells:

 Your Spells              Type           Power        Failure   Level  Hunger
a - Magic Dart            Conj           #...         12%         1    None
b - Blink                 Tloc           N/A          19%         2    ##.....
c - Mephitic Cloud        Conj/Pois/Air  #.......     45%         3    ###....
d - Conjure Flame         Conj/Fire      #.......     43%         3    ###....

Your spell library contained the following spells:

 Spells                   Type           Power        Failure   Level  Hunger
 Call Imp                 Summ           #.......     21%         2    ##.....
 Slow                     Hex            #.......     30%         2    ##.....
 Gell's Gravitas          Tloc           #.........   36%         3    ###....
 Confusing Touch          Hex            #.......     52%         3    ###....
 Petrify                  Tmut/Erth      #.......     90%         4    ####...
 Metabolic Englaciation   Hex/Ice        #.........   99%         5    ######.
 Yara's Violent Unravell  Hex/Tmut       #.........   99%         5    ######.


Dungeon Overview and Level Annotations

Branches:
Dungeon (4/15)
 Temple: D:4-7

Altars:
Gozag
Kikubaaqudgha

Annotations:
D:2 Terence


Innate Abilities, Weirdness & Mutations

You cannot wear most types of armour.
You are very stealthy in the water. (Stealth+)
You are amphibious.
You can wear up to eight rings at the same time.
You can use your tentacles to constrict eight enemies at once.
Your skin changes colour to match your surroundings (Stealth+).
Your rubbery body absorbs attacks. (AC +1, EV +1)


Message History

The orc wizard casts a spell at you. The magic dart hits you!
You hit the orc wizard but do no damage.
Your grab misses the orc wizard.
The orc wizard points at you and mumbles some strange words.
The puff of frost hits you!
The orc wizard hits you with a +0 dagger.
* * * LOW HITPOINT WARNING * * *
You closely miss the orc wizard. Your grab misses the orc wizard.
The orc wizard casts a cantrip, but nothing happens.
You hit the orc wizard. You grab the orc wizard.
The orc wizard is moderately wounded.
You constrict the orc wizard, but do no damage.
You block the orc wizard's attack.
Your shield prevents you from hitting the orc wizard.
The orc wizard is moderately wounded.
You constrict the orc wizard. The orc wizard casts a spell at you.
The puff of frost hits you.
You die...

.....# .....##
#....?# #o....#
#.....+ #.....#
########.....#
.......o##......
........@# .....
......#..# ....
..$...#..# ...
....###..# ..
....#<...# . ...
#....# ..
#........
#.........
#.........


You could see an orc wizard.

Vanquished Creatures
  An adder (D:2)
  A worm (D:2)
  2 dart slugs
  A leopard gecko (D:2)
  2 giant cockroaches (D:1)
  5 goblins
  3 hobgoblins
  2 jackals (D:3)
  5 bats
  6 frilled lizards
  6 kobolds
  5 rats
39 creatures vanquished.

Notes
Turn   | Place    | Note
-------+----------+-------------------------------------------
     0 | D:1      | Esekla the Octopode Wizard began the quest for the Orb.
     0 | D:1      | Reached XP level 1. HP: 11/11 MP: 4/4
   217 | D:1      | Reached XP level 2. HP: 14/17 MP: 6/6
   868 | D:2      | Found an opulent altar of Gozag.
   890 | D:2      | Reached XP level 3. HP: 16/22 MP: 5/8
   894 | D:2      | Learned a level 2 spell: Blink
   929 | D:2      | Noticed Terence
  1248 | D:2      | Found an ancient bone altar of Kikubaaqudgha.
  1565 | D:2      | Reached skill level 1 in Fighting
  1672 | D:3      | Reached skill level 1 in Axes
  1952 | D:3      | Learned a level 3 spell: Mephitic Cloud
  1956 | D:3      | Learned a level 3 spell: Conjure Flame
  2053 | D:4      | Killed from afar by an orc wizard

Illustrated notes

Levels and vault maps discovered:
D:1:      psy_arrival_spokes, layout_rooms
D:2:      layout_loops_ring, old_standard_altar, lemuel_round_altar,
          uniq_terence
D:3:      layout_loops_corners
D:4:      layout_gridville, elyvilon_altar_4, first_ration, uniq_robin,
          uniq_eustachio, uniq_blork_the_orc, uniq_ijyb

Skill      XL: |  1  2  3 |
---------------+----------+-----
Fighting       | 1 |  1.0
Axes           | 1 |  1.0
Dodging        | |  2.2
Stealth        | |  2.6
Shields        | |  0.5
Spellcasting   | |  3.7
Conjurations   | |  1.3
Summonings     | |  1.0
Translocations | |  1.1

Action                   || total
-------------------------++-------
Melee: Hand axe          ||    66
       Unarmed           ||     1
       Constrict         ||    13
       Tentacles         ||     6
 Cast: Magic Dart        ||    27
 Stab: Sleeping          ||     5
  Eat: Chunk             ||     2
Armor: Skin              ||     4
Dodge: Dodged            ||    43
Block: Buckler           ||     5

Table legend:
 A = Non-vault XP
 B = Vault XP
 C = Vault XP percentage of total XP
 D = Non-vault monster count
 E = Vault monster count
 F = Vault count percentage of total count
                 A         B        C        D         E       F
            +---------+---------+-------+---------+---------+-------
      Total |      80 |       0 |   0.0 |      39 |       0 |   0.0
            +---------+---------+-------+---------+---------+-------
        D:1 |      27 |       0 |   0.0 |      18 |       0 |   0.0
        D:2 |      48 |       0 |   0.0 |      18 |       0 |   0.0
        D:3 |       5 |       0 |   0.0 |       3 |       0 |   0.0
            +---------+---------+-------+---------+---------+-------
